 Dungeon Crawl Stone Soup version 0.20.0-15-g7f486f2 (webtiles) character file.

37780 Britaniac the Carver (level 12, -3/94 HPs)
             Began as a Demonspawn Fighter on June 13, 2017.
             Was the Champion of Okawaru.
             Slain by an unseen horror (5 damage)
             ... on level 3 of the Abyss.
             The game lasted 00:39:27 (15094 turns).

Britaniac the Carver (Demonspawn Fighter)          Turns: 15094, Time: 00:39:28

Health: -3/94      AC: 21    Str: 22    XL:     12   Next: 83%
Magic:  0/17       EV:  9    Int: 14    God:    Okawaru [******]
Gold:   630        SH: 11    Dex: 17    Spells: 9/11 levels left

rFire    . . .     SeeInvis .   a - +1 long sword
rCold    . . .     Gourm    .   c - +0 shield
rNeg     . . .     Faith    .   e - +0 storm dragon scales
rPois    +         Spirit   +   C - +1 helmet
rElec    +         Reflect  .   o - +0 cloak of Honesty {rPois}
rCorr    .         Harm     .   k - +1 pair of gloves
MR       .....                  M - +0 pair of boots
Stlth    ..........             p - amulet of guardian spirit
Regen    0.3/turn               (no ring)
MPRegen  0.2/turn               (no ring)

@: brilliant, about to teleport, very slightly contaminated, glowing, invisible
(but backlit and visible)
A: hooves 2, iridescent scales 1, agile 1, foul stench 1, spiny 1, strong 1, rot
immunity
}: 1/15 runes: abyssal
a: Heroism, Finesse, Renounce Religion


You were on level 3 of the Abyss.
You worshipped Okawaru.
Okawaru was exalted by your worship.
You were hungry.

You visited 3 branches of the dungeon, and saw 13 of its levels.
You visited the Abyss 1 time.

You collected 807 gold pieces.
You spent 177 gold pieces at shops.

Inventory:

Hand Weapons
 a - a +1 long sword (weapon)
 B - the +3 broad axe of Terror {distort, *Rage rElec MR+ Str+4}
   (Okawaru gifted it to you on level 2 of the Lair of Beasts)

   It warps and distorts space around it.
   Unwielding it can cause banishment or high damage.
   It affects your strength (+4).
   It insulates you from electricity.
   It affects your resistance to hostile enchantments.
   It may make you go berserk in combat.
 F - a +4 morningstar
Armour
 b - a +1 hat
 c - a +0 shield (worn)
 e - +0 storm dragon scales (worn)
 k - a +1 pair of gloves (worn)
 l - a +1 cloak
 o - the +0 cloak of Honesty (worn) {rPois}
   (Okawaru gifted it to you on level 1 of the Lair of Beasts)

   It protects you from poison.
 C - a +1 helmet (worn)
 M - a +0 pair of boots (worn)
Jewellery
 p - an amulet of guardian spirit (around neck)
 D - an uncursed amulet of regeneration {unknown}
Wands
 x - a wand of iceblast (7/15)
 z - a wand of confusion (38/48)
 A - a wand of flame (29/48)
Scrolls
 g - 3 scrolls of remove curse
 s - a scroll of magic mapping
 E - a scroll of teleportation
 H - a scroll of recharging
 K - a scroll of amnesia
Potions
 j - 2 potions of resistance
 q - 2 potions of heal wounds
 r - a potion of magic
 t - 2 potions of haste
 u - 5 potions of agility
 v - a potion of flight {unknown}
 G - 2 potions of berserk rage
 J - a potion of mutation
Books
 d - a book of Necromancy

   Spells                             Type                      Level
   a - Pain                           Necromancy                   1
   b - Animate Skeleton               Necromancy                   1
   c - Vampiric Draining              Necromancy                   3
   d - Regeneration                   Charms/Necromancy            3
   e - Animate Dead                   Necromancy                   4
   f - Control Undead                 Necromancy                   4
Comestibles
 f - 10 bread rations
 m - 3 meat rations
 n - a royal jelly
 I - 21 fruits


   Skills:
 * Level 8.8 Fighting
 - Level 14.0 Long Blades
 + Level 6.0 Armour
 + Level 5.3 Dodging
 + Level 6.1 Shields
 + Level 7.1 Invocations
 + Level 5.6 Evocations


You had 9 spell levels left.
You knew the following spells:

 Your Spells              Type           Power        Failure   Level  Hunger
a - Blink                 Tloc           N/A          63%         2    ###....


Dungeon Overview and Level Annotations

Branches:
Dungeon (9/15)             Temple (1/1) D:6            Lair (3/6) D:9
  Swamp (0/4) Lair:2        Snake (0/4) Lair:2
    Orc: D:9-12

Altars:
Ashenzari
Cheibriados
Dithmenos
Elyvilon
Fedhas
Gozag
Hepliaklqana
Kikubaaqudgha
Makhleb
Nemelex Xobeh
Okawaru
Qazlal
Ru
Sif Muna
Trog
Uskayaw
Vehumet
Xom
Yredelemnul
Zin
The Shining One

Shops:
D:4 %   D:8 *


Innate Abilities, Weirdness & Mutations

You have hoof-like feet.
You are partially covered in iridescent scales. (AC +2)
You may emit foul miasma when damaged in melee.
You are partially covered in sharp spines.
You are immune to rotting.
You are agile. (Dex +2)
Your muscles are strong. (Str +2)


Message History

Your body is wracked with pain!
* * * LOW HITPOINT WARNING * * *
The unseen horror convulses! x3; The alligator convulses!
The unseen horror convulses!
The raiju convulses!
The angel convulses!
The unseen horror convulses!
The meliai convulses!
The raiju convulses!
The unseen horror hits you.
* * * LOW HITPOINT WARNING * * *
An unseen horror comes into view.
You see here an abyssal rune of Zot.
You pick up the abyssal rune and feel its power.
Press } to see all the runes you have collected.
You feel the abyssal rune guiding you out of this place.
The thrashing horror roars! x2
The thrashing horror is struck by your spines.
The thrashing horror tramples you but does no damage.
You block the thrashing horror's attack.
You block the unseen horror's attack. x2
The unseen horror hits you but does no damage.
The unseen horror hits you.
You die...

#...#.# .# ..# ##..#..
#...#. ..§ #.....
#§.5.# #.. .....
######..# #.
....#######.#.#.#....#
. .##$??##.... ..#h....
...##)/X[?##h....x.#...
...#$φyxxhA'8.....##..
. .#$%X@xxxtx*.....#
∩..
...#[/Sx$xGSh.....##
... ...##(?X§X##......
# . ..##[?[##.......#..
....#######. .#.#. .#
.......... #### #.## ..
.......... . .
..#.#.###.# .. .. #.


You could see an angel, an alligator shaped shifter, a crystal guardian, an
anaconda shaped shifter, 4 thrashing horrors, a black mamba shaped shifter, 7
unseen horrors, 3 raiju, a small abomination, a meliai, a floating eye and a
lurking horror.

Vanquished Creatures
  Gastronok (Lair:2)
  A hydra (Lair:3)
  A two-headed ogre (D:8)
  An unseen horror (Abyss:3)
  Pikel (D:5)
  A cyclops (D:8)
  A black mamba (Lair:1)
  A torpor snail (Lair:2)
  5 spiny frogs
  3 komodo dragons
  A rime drake (Lair:2)
  2 ice devils (Lair:2)
  5 blink frogs
  Prince Ribbit (D:5)
  4 hippogriffs
  Sigmund (D:2)
  22 yaks
  2 wyverns
  A hungry ghost (D:9)
  2 basilisks
  Menkaure (D:5)
  A warg (Lair:3)
  18 water moccasins
  5 swamp worms (Lair:2)
  5 porcupines
  2 sky beasts
  2 phantoms
  4 ice beasts
  2 black bears
  4 ogres
  4 centaurs
  40 wolves
  2 big kobolds
  10 crocodiles
  10 bullfrogs
  3 scorpions
  5 wights (D:8)
  3 howler monkeys
  An electric eel (Lair:2)
  5 crimson imps
  7 hounds
  An orc priest (D:5)
  2 bullfrog skeletons (D:8)
  2 centaur skeletons
  Jessica (D:3)
  2 iguanas
  6 worker ants
  Natasha (D:2)
  7 orc wizards
  2 hound zombies
  15 gnolls
  12 adders
  A shadow imp (D:8)
  An ufetubus (Abyss:3)
  An ooze (D:5)
  A worm (D:4)
  2 dart slugs (D:1)
  13 leopard geckos
  25 orcs
  A ball python (Lair:2)
  5 giant cockroaches
  7 goblins
  7 hobgoblins
  15 jackals
  3 quokkas
  5 bats
  3 frilled lizards
  12 kobolds
  A quokka zombie (D:5)
  6 rats
  A fungus (D:6)
352 creatures vanquished.

Vanquished Creatures (others)
  An ogre (D:5)
  A quokka (D:5)
  4 fungi
  A lurking horror (Abyss:3)
  2 plants
9 creatures vanquished.

Grand Total: 361 creatures vanquished

Notes
Turn   | Place    | Note
-------+----------+-------------------------------------------
     0 | D:1      | Britaniac the Demonspawn Fighter began the quest for the Orb.
     0 | D:1      | Reached XP level 1. HP: 18/18 MP: 1/1
   126 | D:1      | Reached skill level 2 in Long Blades
   284 | D:1      | Gained mutation: You are partially covered in iridescent scales. (AC +2) [demonic ancestry]
   284 | D:1      | Reached XP level 2. HP: 23/24 MP: 2/2
   498 | D:1      | Reached skill level 3 in Long Blades
   818 | D:1      | Reached XP level 3. HP: 29/29 MP: 3/3
  1199 | D:2      | Noticed Natasha
  1207 | D:2      | Killed Natasha
  1295 | D:2      | Found a faded altar of an unknown god.
  1370 | D:2      | Noticed Sigmund
  1375 | D:2      | Killed Sigmund
  1375 | D:2      | Reached skill level 5 in Long Blades
  1375 | D:2      | Gained mutation: You are partially covered in sharp spines. [demonic ancestry]
  1375 | D:2      | Reached XP level 4. HP: 32/35 MP: 4/4
  1375 | D:2      | Gained mutation: You are immune to rotting. [demonic ancestry]
  1375 | D:2      | Reached XP level 5. HP: 37/41 MP: 5/5
  1821 | D:2      | Found a shadowy altar of Dithmenos.
  2008 | D:3      | Found a sacrificial altar of Ru.
  2009 | D:3      | Noticed Jessica
  2012 | D:3      | Killed Jessica
  2012 | D:3      | Reached XP level 6. HP: 47/47 MP: 6/6
  2114 | D:3      | Found a hazy altar of Hepliaklqana.
  2133 | D:3      | Reached skill level 6 in Long Blades
  2273 | D:3      | Found a basalt altar of Yredelemnul.
  2275 | D:3      | Noticed a profane servitor
  2285 | D:3      | Found a glowing golden altar of the Shining One.
  2287 | D:3      | Noticed an angel
  3275 | D:4      | Found Yqackyko's Food Boutique.
  3293 | D:4      | Reached skill level 7 in Long Blades
  3293 | D:4      | Reached XP level 7. HP: 52/52 MP: 7/7
  3457 | D:5      | Entered Level 5 of the Dungeon
  3793 | D:5      | Noticed Prince Ribbit
  3813 | D:5      | Reached skill level 8 in Long Blades
  3835 | D:5      | Killed Prince Ribbit
  4018 | D:5      | Noticed Pikel
  4060 | D:5      | Killed Pikel
  4060 | D:5      | Reached skill level 9 in Long Blades
  4060 | D:5      | Gained mutation: You have large cloven feet. [demonic ancestry]
  4060 | D:5      | Reached XP level 8. HP: 46/58 MP: 8/8
  4175 | D:5      | Reached skill level 10 in Long Blades
  4239 | D:5      | Noticed Menkaure
  4254 | D:5      | Killed Menkaure
  4460 | D:5      | Found a deep blue altar of Sif Muna.
  4619 | D:5      | Noticed a hippogriff
  4637 | D:5      | Killed a hippogriff
  4637 | D:5      | Reached XP level 9. HP: 46/63 MP: 9/9
  4823 | D:5      | Reached skill level 11 in Long Blades
  5912 | D:6      | Found a staircase to the Ecumenical Temple.
  5922 | Temple   | Entered the Ecumenical Temple
  5954 | Temple   | Became a worshipper of Warmaster Okawaru
  6592 | D:7      | Reached skill level 12 in Long Blades
  6606 | D:7      | Reached * piety under Okawaru
  6848 | D:7      | Found a stormy altar of Qazlal.
  6949 | D:7      | Learned a level 2 spell: Blink
  7229 | D:8      | Found Iblari Siefu's Assorted Antiques.
  7237 | D:8      | Gained mutation: You may emit foul miasma when damaged in melee. [demonic ancestry]
  7237 | D:8      | Reached XP level 10. HP: 58/70 MP: 7/10
  7270 | D:8      | Bought a scroll labeled OMPIBR UBRALE for 30 gold pieces
  7270 | D:8      | Bought a scroll labeled GAGAIM QAOMMON for 30 gold pieces
  7270 | D:8      | Bought a scroll of identify for 60 gold pieces
  7270 | D:8      | Bought a bubbling ruby potion for 27 gold pieces
  7270 | D:8      | Bought a scroll labeled OMPIBR UBRALE for 30 gold pieces
  7401 | D:8      | Reached ** piety under Okawaru
  7408 | D:8      | Reached skill level 13 in Long Blades
  7515 | D:8      | Found a bloodstained altar of Trog.
  7553 | D:8      | Noticed a cyclops
  7572 | D:8      | Killed a cyclops
  7921 | D:8      | Found an ancient bone altar of Kikubaaqudgha.
  7969 | D:8      | Noticed a two-headed ogre
  7990 | D:8      | Killed a two-headed ogre
  8031 | D:8      | Found a white marble altar of Elyvilon.
  8033 | D:8      | Found a sparkling altar of Nemelex Xobeh.
  8033 | D:8      | Found an opulent altar of Gozag.
  8047 | D:8      | Found a shimmering altar of Xom.
  8050 | D:8      | Found a radiant altar of Vehumet.
  8292 | D:9      | Reached *** piety under Okawaru
  8292 | D:9      | Reached skill level 14 in Long Blades
  8476 | D:9      | Reached skill level 1 in Invocations
  8505 | D:9      | Reached skill level 1 in Dodging
  8505 | D:9      | Reached skill level 1 in Evocations
  8630 | D:9      | Found a staircase to the Lair.
  8645 | D:9      | Reached **** piety under Okawaru
  9292 | Lair:1   | Entered Level 1 of the Lair of Beasts
  9311 | D:9      | Gained mutation: You have hoof-like feet. [demonic ancestry]
  9311 | D:9      | Reached XP level 11. HP: 63/77 MP: 10/13
  9555 | D:9      | Reached ***** piety under Okawaru
  9646 | D:9      | Reached skill level 5 in Fighting
 11028 | Lair:1   | Received a gift from Okawaru
 11029 | Lair:1   | Got a distressingly furry cloak {god gift}
 11050 | Lair:1   | Identified the +0 cloak of Honesty {rPois} (Okawaru gifted it to you on level 1 of the Lair of Beasts)
 11150 | Lair:1   | Reached skill level 5 in Shields
 11396 | Lair:1   | Reached skill level 5 in Invocations
 11979 | Lair:2   | Reached XP level 12. HP: 78/89 MP: 12/15
 12003 | Lair:2   | Reached skill level 5 in Armour
 12017 | Lair:2   | Noticed a seven-headed hydra
 12047 | Lair:1   | HP: 3/91 [seven-headed hydra (2)]
 12477 | Lair:2   | Noticed Gastronok
 12509 | Lair:2   | Killed Gastronok
 12531 | Lair:2   | Reached ****** piety under Okawaru
 13233 | Lair:2   | Found a staircase to the Snake Pit.
 13373 | Lair:2   | Received a gift from Okawaru
 13374 | Lair:2   | Got a transparent broad axe {god gift}
 13439 | Lair:2   | Reached skill level 5 in Evocations
 13788 | Lair:2   | Found a staircase to the Swamp.
 14318 | Lair:3   | Reached skill level 5 in Dodging
 14818 | Lair:3   | Noticed an eight-headed hydra
 14831 | Lair:3   | Killed an eight-headed hydra
 14974 | Lair:3   | Identified the +3 broad axe of Terror {distort, *Rage rElec MR+ Str+4} (Okawaru gifted it to you on level 2 of the Lair of Beasts)
 14975 | Lair:3   | Cast into level 3 of the Abyss (a distortion unwield)
 15065 | Abyss:3  | Noticed a crystal guardian
 15065 | Abyss:3  | Noticed a crystal guardian
 15066 | Abyss:3  | Noticed a great orb of eyes
 15066 | Abyss:3  | Noticed a great orb of eyes
 15067 | Abyss:3  | Gained mutation: You are agile. (Dex +2) [potion of mutation]
 15067 | Abyss:3  | Gained mutation: Your muscles are strong. (Str +2) [potion of mutation]
 15084 | Abyss:3  | Noticed an angel
 15087 | Abyss:3  | Paralysed by a floating eye for 4 turns
 15088 | Abyss:3  | Noticed an anaconda
 15088 | Abyss:3  | a great orb of eyes changed into an anaconda
 15091 | Abyss:3  | Noticed an alligator
 15091 | Abyss:3  | a great orb of eyes changed into an alligator
 15091 | Abyss:3  | HP: 4/94 [thrashing horror (2)]
 15094 | Abyss:3  | Got an abyssal rune of Zot
 15094 | Abyss:3  | Slain by an unseen horror

Skill      XL: |  1  2  3  4  5  6  7  8  9 10 11 12 |
---------------+-------------------------------------+-----
Long Blades    | 2 3 5 7 9 10 12 14 | 14.0
Invocations    | 2 5 7 |  7.1
Shields        | 3 5 6 |  6.1
Dodging        | 1 4 5 |  5.3
Evocations     | 2 4 5 |  5.6
Armour         | 3 4 6 |  6.0
Fighting       | 4 6 8 |  8.8

Action                   |  1- 3 |  4- 6 |  7- 9 | 10-12 || total
-------------------------+-------+-------+-------+-------++-------
Melee: Long sword        |   107 |   150 |   370 |   910 ||  1537
       Kick              |       |       |   101 |    90 ||   191
       Morningstar       |       |       |       |     6 ||     6
Evoke: Wand              |       |       |       |     1 ||     1
  Use: Scroll            |     3 |     4 |     5 |    15 ||    27
       Potion            |     1 |       |     4 |     8 ||    13
  Eat: Chunk             |       |     8 |    13 |    21 ||    42
       Meat ration       |       |       |       |     1 ||     1
       Royal jelly       |       |       |       |     1 ||     1
Armor: Scale mail        |    54 |       |       |       ||    54
       Chain mail        |    12 |    70 |   109 |       ||   191
       Storm dragon scal |       |       |    34 |   616 ||   650
       Skin              |       |       |       |    14 ||    14
Dodge: Dodged            |    24 |    16 |    41 |   250 ||   331
Block: Shield            |    64 |    65 |   123 |   482 ||   734
       Rpst.: Long sword |     9 |     4 |    12 |    72 ||    97
